 Dungeon Crawl Stone Soup version 0.29.1-4-g47bece8355 (webtiles) character file.

Game seed: 4613270951660353543

49 FexLirch the Cudgeller (level 3, 0/36 HPs)
             Began as an Ogre Gladiator on Dec 10, 2022.
             Slain by an orc
             ... wielding a +0 mace
              (4 damage)
             ... on level 2 of the Dungeon.
             The game lasted 00:08:03 (1339 turns).

FexLirch the Cudgeller (Ogre Gladiator)             Turns: 1339, Time: 00:08:04

Health: 0/36       AC:  3    Str: 20    XL:     3   Next: 75%
Magic:  3/3        EV: 10    Int:  9    God:
Gold:   110        SH:  0    Dex: 10    Spells: 2/2 levels left

rFire   . . .      SeeInvis .   a - +0 flail
rCold   . . .      Faith    .   (no shield)
rNeg    . . .      Spirit   .   b - +0 robe
rPois   .          Reflect  .   c - +0 hat
rElec   .          Harm     .   (no cloak)
rCorr   .          Rampage  .   (gloves unavailable)
Will    .....                   (boots unavailable)
Stlth   +.........              (no amulet)
HPRegen 0.12/turn               (no ring)
MPRegen 0.08/turn               (no ring)

@: no status effects
A: large, unfitting armour, tough skin 1
a: no special abilities


You were on level 2 of the Dungeon.
You visited 1 branch of the dungeon, and saw 4 of its levels.

You collected 110 gold pieces.

Inventory:

Hand Weapons
 a - a +0 flail (weapon)
Missiles
 d - 3 throwing nets
 e - a large rock
 f - 6 stones
 h - 3 javelins
 q - 2 atropa-tipped darts (quivered)
Armour
 b - a +0 robe (worn)
 c - a +0 hat (worn)
 s - a +0 kite shield
Scrolls
 i - a scroll of fog {unknown}
 j - 3 scrolls of identify {unknown}
 m - 2 scrolls of fear {unknown}
 n - a scroll of teleportation {unknown}
 r - a scroll of enchant weapon {unknown}
 t - a scroll of acquirement {unknown}
 u - a scroll of silence {unknown}
Potions
 g - a potion of haste {unknown}
 k - a potion of degeneration {unknown}
 l - a potion of flight {unknown}
 o - a potion of invisibility {unknown}
 p - 2 potions of curing {unknown}


   Skills:
 - Level 2.6 Fighting
 + Level 4.2 Maces & Flails
 - Level 2.0 Throwing
 - Level 2.6 Dodging


You had 2 spell levels left.
You didn't know any spells.
Your spell library contained the following spells:

 Spells                   Type           Power      Damage    Failure   Level
 Necrotise                Necr           0%         1d4       38%         1
 Summon Guardian Golem    Hex/Summ       0%         N/A       77%         3
 Vampiric Draining        Necr           0%         2d6       77%         3
 Agony                    Necr           0%         N/A       100%        5
 Orb of Destruction       Conj           0%         9d5       100%        7
 Spellforged Servitor     Conj/Summ      0%         N/A       100%        7


Dungeon Overview and Level Annotations

Branches:
Dungeon (4/15)
 Temple: D:4-7

Altars:


Innate Abilities, Weirdness & Mutations

You are too large for most types of armour.
You have tough skin. (AC +1)


Message History

The frilled lizard unfolds its giant frill.
The orc attacks as you move away! The orc hits you with a +0 mace.
There is a stone staircase leading down here.
The orc closely misses you.
You climb downwards.
Reactivating autopickup.
The hobgoblin shouts!
The adder hisses angrily.
Found a scroll labelled BUJILE PASEE.
There is a stone staircase leading up here.
The orc hits you with a +0 mace.
You climb upwards.
The orc hits you with a +0 hand axe!
* * * LOW HITPOINT WARNING * * *
The orc hits you with a +0 hand axe.
* * * LOW HITPOINT WARNING * * *
There is a stone staircase leading down here.
The orc attacks as you move away! The orc barely misses you.
There is a stone staircase leading up here.
The orc closely misses you.
You climb upwards.
There is a stone staircase leading down here.
Unknown command.
Unknown command.
The orc attacks as you move away! The orc hits you with a +0 mace.
* * * LOW HITPOINT WARNING * * *
You closely miss the orc. The orc barely misses you.
You closely miss the orc. The orc closely misses you.
The orc barely misses you.
Unknown command.
Throw: 4 darts (atropa)
Press: ? - help, Q - select action, (/) - cycle Shift-Dir - straight line, f - orc
Aim: an orc, wielding a +0 mace (57% to hit, chance to blind on hit: 100%)
You throw an atropa-tipped dart.
The atropa-tipped dart closely misses the orc.
Throw: 3 darts (atropa)
Press: ? - help, Q - select action, (/) - cycle Shift-Dir - straight line, f/p - orc
Aim: an orc, wielding a +0 mace (57% to hit, chance to blind on hit: 100%)
You throw an atropa-tipped dart. The atropa-tipped dart hits the orc.
The orc appears confused.
The orc hits you with a +0 mace.
You die...

#########...# #.#.#
#.####+## ##.# #.#.# #.#
#.###.#.# #.#
#.......####.#
#####........### #.
#.#.###....# ###.#
#.#...#....#
....#####+#####.###......#
##.........##...@o.....>.#
#.........####..##......#
##........†####..##......#
.+.........'.....##.#....##
##.........####.###.#.....#
##..............# #.#.....#
............#####
#.#.....## ##..^.......#
#.#......## ##..........#
#.#.......#


You could see an orc (confused, blind).

Vanquished Creatures
  2 adders
  A dart slug (D:1)
  An orc (D:3)
  3 ball pythons
  5 endoplasms
  4 goblins
  3 kobolds (D:2)
  2 quokkas (D:1)
  2 bats
  3 frilled lizards
  3 rats
29 creatures vanquished.

Notes
Turn   | Place    | Note
-------+----------+-------------------------------------------
     0 | D:1      | FexLirch the Ogre Gladiator began the quest for the Orb.
     0 | D:1      | Reached XP level 1. HP: 22/22 MP: 1/1
   103 | D:1      | Reached skill level 3 in Maces & Flails
   132 | D:1      | Reached XP level 2. HP: 17/29 MP: 2/2
   711 | D:2      | Reached XP level 3. HP: 22/36 MP: 3/3
  1100 | D:3      | Reached skill level 4 in Maces & Flails
  1339 | D:2      | Slain by an orc

Illustrated notes

Levels and vault maps discovered:
D:1:      dpeg_arrival_central, layout_basic
D:2:      layout_basic, st_stairs_9
D:3:      layout_loops_cross, overflow_temple_1_default
D:4:      layout_cave_pools, kennysheep_generic_room_3, uniq_sigmund

Skill      XL: |  1  2  3 |
---------------+----------+-----
Maces & Flails | 3 4 |  4.2
Fighting       | |  2.6
Throwing       | |  2.0
Dodging        | |  2.6

Action                   || total
-------------------------++-------
Melee: Flail             ||   105
Throw: Stone             ||     8
       Large rock        ||     2
       Dart              ||     2
       Throwing net      ||     1
 Stab: Sleeping          ||     1
Armor: Robe              ||    46
Dodge: Dodged            ||    78
